 Dungeon Sprint DCSS version 0.27.1-33-g824d729ab1 (webtiles) character file.

Game seed: 13633043922921907604

2315 manyhoops the Devastator (level 9, -5/45 HPs)
             Began as a Deep Elf Conjurer on Dec 2, 2021.
             Was a Believer of Sif Muna.
             Shot with an arrow by a centaur warrior (11 damage)
             ... in the Dungeon (Sprint I: "Red Sonja").
             The game lasted 00:06:39 (1516 turns).

manyhoops the Devastator (Deep Elf Conjurer)        Turns: 1516, Time: 00:06:40

Health: -5/45      AC: 10    Str:  4    XL:     9   Next: 18%
Magic:  5/25       EV: 13    Int: 27    God:    Sif Muna [**....]
Gold:   198        SH:  0    Dex: 13    Spells: 15/29 levels left

rFire    + . .     SeeInvis .   k - +1 dagger (venom)
rCold    . . .     Faith    .   (no shield)
rNeg     . . .     Spirit   .   m - +3 robe of Clouds {+Thunder rCloud rElec}
rPois    .         Reflect  .   (no helmet)
rElec    +         Harm     .   n - +0 cloak
rCorr    .         Rampage  .   j - +0 pair of gloves "Fetwus Zeli" {rF+ Will+ Slay+4}
Will     +....     NoTele   +   l - +2 pair of boots
Stlth    ++........             (no amulet)
HPRegen  0.15/turn              (no ring)
MPRegen  0.19/turn              (no ring)

@: slowed, very slow
A: no striking features
a: Renounce Religion, Evoke Thunderclouds, Channel Magic


You were in the Dungeon.
You worshipped Sif Muna.
Sif Muna was pleased with you.
You visited 1 branch You collected 817 gold pieces.
You spent 619 gold pieces at shops.

Inventory:

Hand Weapons
 k - a +1 dagger of venom (weapon)
Armour
 a - a +0 robe
 j - the +0 pair of gloves "Fetwus Zeli" (worn) {rF+ Will+ Slay+4}
   (You bought it in a shop in the Dungeon)

   Slay:      It affects your accuracy & damage with ranged weapons and melee
   (+4).
   rF:        It protects you from fire.
   Will:      It increases your willpower.
 l - a +2 pair of boots (worn)
 m - the +3 robe of Clouds (worn) {+Thunder rCloud rElec}
   (You bought it in a shop in the Dungeon)

   It can be evoked to surround the wearer with storm clouds, with success rate
   depending on Evocations skill.
   rElec:     It insulates you from electricity.
 n - a +0 cloak (worn)
Scrolls
 h - a scroll of enchant armour {unknown}
 i - 2 scrolls of identify {unknown}
Potions
 b - 3 potions of curing
 c - a potion of heal wounds
 d - a potion of haste
 e - 2 potions of magic
 f - a potion of attraction {unknown}
 o - a potion of brilliance {unknown}


   Skills:
 - Level 3.1 Dodging
 - Level 2.9 Stealth
 - Level 0.2 Unarmed Combat
 + Level 10.9 Spellcasting
 + Level 19.5 Conjurations


You had 15 spell levels left.
You knew the following spells:

 Your Spells              Type           Power      Damage    Failure   Level
a - Magic Dart            Conj           100%       1d8       0%          1
b - Searing Ray           Conj           100%       3d7       0%          2
c - Dazzling Flash        Conj/Hex       100%       N/A       1%          3
d - Fulminant Prism       Conj/Hex       30%        3d16      1%          4
e - Iskenderun's Mystic   Conj/Tloc      61%        2d13      1%          4

Your spell library contained the following spells:

 Spells                   Type           Power      Damage    Failure   Level


Dungeon Overview and Level Annotations

Branches:
Dungeon (1/1)

Altars:
Cheibriados
Dithmenos
Elyvilon
Fedhas
Gozag
Hepliaklqana
Kikubaaqudgha
Makhleb
Nemelex Xobeh
Okawaru
Qazlal
Ru
Sif Muna
Trog
Uskayaw
Vehumet
Wu Jian
Xom
Yredelemnul
Zin
The Shining One
Jiyva
Lugonu

Shops:
D ([[


Message History

Unknown command.
Okay, then.
Blink to where?
Press: ? - help, Dir - move target, p - hornet
As you read the scroll of blinking, it crumbles to dust.
You feel much better.
Casting: Iskenderun's Mystic Blast (dangerous; 1% risk of failure)
Confirm with . or Enter, or press ? or * to list all spells.
Okay, then.
Casting: Iskenderun's Mystic Blast (dangerous; 1% risk of failure)
Confirm with . or Enter, or press ? or * to list all spells.
The hornet is dazzled.
Unknown command.
You closely miss the hornet.
The hornet is severely wounded.
The hornet stings you but does no damage.
The hornet stings you!
You suddenly lose the ability to move!
The hornet stings you!
You feel yourself slow down.
You can move again.
Casting: Dazzling Flash (safe; 1% risk of failure)
Confirm with . or Enter, or press ? or * to list all spells.
Okay, then.
Casting: Dazzling Flash (safe; 1% risk of failure)
Confirm with . or Enter, or press ? or * to list all spells.
The hornet is dazzled.
The hornet stings you.
You shrug off the repeated paralysis!
The hornet stings you!
* * * LOW HITPOINT WARNING * * *
You feel as though you will be slow longer.
Unknown command.
Casting: Dazzling Flash (safe; 1% risk of failure)
Confirm with . or Enter, or press ? or * to list all spells.
You erupt in a blast of force!
The mystic blast hits the centaur warrior!
The centaur warrior is heavily wounded.
The centaur warrior is knocked back by the mystic blast.
The mystic blast hits the hornet!
You kill the hornet!
Sif Muna accepts your kill.
The centaur warrior shoots an arrow.
The arrow hits you!
You die...

#..#####'#####'#__####...'s.#
#.)####..#...#.####§?#####s.+
#..#__####..##.#≈≈§.c ##
#..#_____##'#_.'≈§§§
#⌠⌠#_.∩...'..._#cy§§
####_..__##_.#'##'###
#_____###(#)#.)§.###
############.####'###.##
#∩........'...'@†..c'(∩#
###++++####...##########
###.### #.#'#.# #.....#
#.)...# #######


You could see a centaur warrior.

Vanquished Creatures
  Sonja (D)
  A deep troll (D)
  2 kobold demonologists (D)
  A slime creature (D)
  A hornet (D)
  A yak (D)
  Sigmund (D)
  A floating eye (D)
  An ogre (D)
  A jelly (D)
  Ijyb (D)
  2 ballistomycete spores (D)
  A fulminant prism (D)
15 creatures vanquished.

Vanquished Creatures (others)
  A gargoyle (D)
  3 fulminant prisms (D)
4 creatures vanquished.

Grand Total: 19 creatures vanquished

Notes
Turn   | Place    | Note
-------+----------+-------------------------------------------
     0 | D        | manyhoops the Deep Elf Conjurer began the quest for the
                  | Orb.
     0 | D        | Reached XP level 1. HP: 10/10 MP: 6/6
     1 | D        | Noticed Ijyb
     9 | D        | Killed Ijyb
    10 | D        | Reached skill level 6 in Conjurations
    10 | D        | Reached XP level 2. HP: 15/15 MP: 4/8
    47 | D        | Learned a level 2 spell: Searing Ray
    91 | D        | Noticed an ogre
    95 | D        | Killed an ogre
    96 | D        | Reached skill level 10 in Conjurations
    96 | D        | Reached XP level 3. HP: 13/19 MP: 2/11
    96 | D        | Reached XP level 4. HP: 16/24 MP: 2/12
   201 | D        | Killed a gargoyle
   202 | D        | Learned a level 3 spell: Dazzling Flash
   207 | D        | Learned a level 4 spell: Fulminant Prism
   208 | D        | Noticed Sigmund
   225 | D        | HP: 1/24 [something (12)]
   226 | D        | Killed Sigmund
   227 | D        | Reached skill level 12 in Conjurations
   227 | D        | Reached XP level 5. HP: 1/28 MP: 5/15
   521 | D        | Learned a level 4 spell: Iskenderun's Mystic Blast
   535 | D        | Found an ornate altar of the Wu Jian Council.
   535 | D        | Found a shimmering blue altar of Sif Muna.
   537 | D        | Found a radiant altar of Vehumet.
   539 | D        | Reached skill level 13 in Conjurations
   539 | D        | Reached XP level 6. HP: 32/32 MP: 14/17
   546 | D        | Became a worshipper of Sif Muna the Loreminder
   571 | D        | Found Dap Byno's Antique Armour Emporium.
   571 | D        | Found an ancient bone altar of Kikubaaqudgha.
   571 | D        | Found a hazy altar of Hepliaklqana.
   571 | D        | Found a stormy altar of Qazlal.
   571 | D        | Found a hide-covered altar of Uskayaw.
   571 | D        | Found a blossoming altar of Fedhas.
   571 | D        | Found a bloodstained altar of Trog.
   571 | D        | Found an iron altar of Okawaru.
   571 | D        | Found a basalt altar of Yredelemnul.
   571 | D        | Found a glowing golden altar of the Shining One.
   571 | D        | Found a snail-covered altar of Cheibriados.
   571 | D        | Found a sacrificial altar of Ru.
   571 | D        | Found a glowing silver altar of Zin.
   571 | D        | Found a shadowy altar of Dithmenos.
   571 | D        | Found a white marble altar of Elyvilon.
   571 | D        | Noticed a yak
   579 | D        | Killed a yak
   580 | D        | Reached skill level 14 in Conjurations
   580 | D        | Found an opulent altar of Gozag.
   581 | D        | Found a sparkling altar of Nemelex Xobeh.
   631 | D        | Bought a pair of crude gloves for 180 gold pieces
   631 | D        | Identified the +0 pair of gloves "Fetwus Zeli" {rF+ Will+
                  | Slay+4} (You bought it in a shop in the Dungeon)
   648 | D        | Found a burning altar of Makhleb.
   648 | D        | Found a viscous altar of Jiyva.
   648 | D        | Found a shimmering altar of Xom.
   648 | D        | Found a corrupted altar of Lugonu.
   648 | D        | Noticed a slime creature
   657 | D        | Killed a slime creature
   658 | D        | Reached skill level 15 in Conjurations
   658 | D        | Reached XP level 7. HP: 18/36 MP: 11/20
   821 | D        | Noticed a kobold demonologist
   823 | D        | Noticed a kobold demonologist
   827 | D        | Reached * piety under Sif Muna
   828 | D        | Killed a kobold demonologist
   829 | D        | Reached skill level 16 in Conjurations
   830 | D        | Noticed a soul eater
   833 | D        | Noticed a red devil
   833 | D        | Killed a kobold demonologist
   834 | D        | Reached skill level 17 in Conjurations
   834 | D        | Reached XP level 8. HP: 41/41 MP: 5/23
   934 | D        | Noticed a demonic crawler
   934 | D        | Noticed a demonic crawler
   934 | D        | Noticed a demonic crawler
   934 | D        | Noticed a demonic crawler
   954 | D        | Noticed Sonja
   958 | D        | Killed Sonja
   958 | D        | Reached ** piety under Sif Muna
   959 | D        | Reached skill level 10 in Spellcasting
   959 | D        | Reached skill level 18 in Conjurations
   983 | D        | Found Wowor's Antique Weapon Boutique.
  1009 | D        | Bought a pair of glowing boots for 142 gold pieces
  1024 | D        | Noticed a deep troll
  1032 | D        | Killed a deep troll
  1033 | D        | Reached skill level 19 in Conjurations
  1033 | D        | Reached XP level 9. HP: 4/45 MP: 9/25
  1315 | D        | Found Ramequry's Armour Emporium.
  1322 | D        | Bought the +3 robe of Clouds {+Thunder rCloud rElec} for
                  | 297 gold pieces
  1322 | D        | Found the +3 robe of Clouds {+Thunder rCloud rElec}
  1486 | D        | Noticed a centaur warrior
  1508 | D        | Noticed a centaur warrior
  1513 | D        | Paralysed by a hornet for 2 turns
  1516 | D        | Shot with an arrow by a centaur warrior

Illustrated notes

Levels and vault maps discovered:
D:        dungeon_sprint_1 [red_sonja_temple_1, red_sonja_temple_small_1]

Skill      XL: |  1  2  3  4  5  6  7  8 |
---------------+-------------------------+-----
Dodging        | 3 |  3.1
Conjurations   | 6 10 12 13 15 17 19 | 19.5
Spellcasting   | 4 6 8 9 10 | 10.9
Stealth        | |  2.9
Unarmed Combat | |  0.2

Action                   |  1- 3 |  4- 6 |  7- 9 || total
-------------------------+-------+-------+-------++-------
Melee: Unarmed           |     5 |       |       ||     5
       Dagger            |       |       |     1 ||     1
 Cast: Magic Dart        |     4 |     3 |     2 ||     9
       Searing Ray       |     2 |     6 |     7 ||    15
       Fulminant Prism   |       |     1 |     3 ||     4
       Iskenderun's Myst |       |       |     5 ||     5
       Dazzling Flash    |       |       |     2 ||     2
  Use: Potion            |     1 |       |     1 ||     2
       Scroll            |       |       |     1 ||     1
Armor: Robe              |     1 |       |     1 ||     2
Dodge: Dodged            |     1 |     7 |     4 ||    12
